 Dungeon Crawl Stone Soup version 0.25.1-2-g60ff931df9 (webtiles) character file.

Game seed: 1737427596335614432

18072 Garessta the Cleaver (level 12, -16/94 (95) HPs)
             Began as a Demonspawn Fighter on Oct 16, 2020.
             Was a High Priest of Makhleb.
             Killed from afar by Jorgrun (58 damage)
             ... with an iron shot
             ... on level 13 of the Dungeon.
             The game lasted 00:32:50 (14892 turns).

Garessta the Cleaver (Demonspawn Fighter)          Turns: 14892, Time: 00:32:50

HP:   -16/94 (95)   AC: 23    Str: 39    XL:     12   Next: 24%
MP:   17/17         EV: 10    Int:  7    God:    Makhleb [*****.]
Gold: 604           SH: 13    Dex:  9    Spells: 11/11 levels left

rFire    + . .     SeeInvis +   a - +0 war axe
rCold    . . .     Gourm    .   c - +1 kite shield
rNeg     . . .     Faith    .   s - +1 plate armour
rPois    +         Spirit   .   C - +1 helmet {SInv}
rElec    .         Reflect  .   l - +0 cloak
rCorr    .         Harm     .   q - +1 pair of gloves {Str+3}
MR       ++...                  i - +1 pair of boots
Stlth    ..........             (no amulet)
HPRegen  0.25/turn              I - +6 ring of strength
MPRegen  0.15/turn              A - ring "Esyxkid" {rPois MR+ Str+6 Int-5 Dex-5}

@: hasted, lightly drained, very quick
A: talons 2, repulsion field 2, agile 1, clever 1, demonic guardian 2, fire
resistance 1, magic resistance 1, sense surroundings 1, strong 1, flame cloud
immunity
a: Minor Destruction, Lesser Servant of Makhleb, Major Destruction, Greater
Servant of Makhleb, Renounce Religion


You were on level 13 of the Dungeon.
You worshipped Makhleb.
Makhleb was extremely pleased with you.
You were not hungry.

You visited 1 branch of the dungeon, and saw 13 of its levels.

You collected 951 gold pieces.
You spent 347 gold pieces at shops.

Inventory:

Hand Weapons
 a - a +0 war axe (weapon)
 H - a +3 morningstar
Missiles
 P - 15 boomerangs (quivered)
Armour
 c - a +1 kite shield (worn)
 i - a +1 pair of boots (worn)
 l - a +0 cloak (worn)
 q - a +1 pair of gloves of strength (worn)
 s - a +1 plate armour (worn)
 C - a +1 helmet of see invisible (worn)
Jewellery
 g - an uncursed ring of flight
 h - a +6 ring of intelligence
 A - the ring "Esyxkid" (right hand) {rPois MR+ Str+6 Int-5 Dex-5}
   (You found it on level 7 of the Dungeon)

   [ring of protection from magic]

   It affects your strength (+6).
   It affects your intelligence (-5).
   It affects your dexterity (-5).
   It protects you from poison.
   It affects your resistance to hostile enchantments.
 E - an uncursed ring of wizardry
 I - a +6 ring of strength (left hand)
 O - an uncursed ring of protection from fire
Wands
 v - a wand of iceblast (8)
 y - a wand of digging (2)
 F - a wand of flame (15)
 J - a wand of disintegration (11)
Scrolls
 m - 5 scrolls of teleportation
 u - 2 scrolls of amnesia
 x - 2 scrolls of remove curse
 z - a scroll of fog
 B - 3 scrolls of magic mapping
 K - a scroll of enchant weapon {unknown}
 L - a scroll of identify
 N - a scroll of fear
Potions
 b - a potion of ambrosia
 d - a potion of might
 e - 3 potions of curing
 j - 2 potions of lignification
 k - a potion of berserk rage
 n - a potion of resistance
 o - a potion of cancellation
 p - 2 potions of heal wounds
 r - 3 potions of haste
 t - 3 potions of magic
 w - 3 potions of brilliance
Miscellaneous
 M - a lightning rod (4/4)
Comestibles
 f - 23 rations


   Skills:
 + Level 9.0(8.8) Fighting
 * Level 11.9(11.6) Axes
 + Level 8.2(8.0) Armour
 + Level 8.2(7.9) Shields
 + Level 7.9(7.7) Invocations


You had 11 spell levels left.
You didn't know any spells.
Your spell library contained the following spells:

 Spells                   Type           Power        Failure   Level  Hunger
 Animate Skeleton         Necr           N/A          99%         1    ##.....
 Pain                     Necr           #...         99%         1    ##.....
 Shock                    Conj/Air       #...         99%         1    ##.....
 Swiftness                Chrm/Air       #.......     100%        2    ###....
 Static Discharge         Conj/Air       #.......     100%        3    ####...
 Vampiric Draining        Necr           #.........   100%        3    ####...
 Airstrike                Air            #.........   100%        4    #####..
 Animate Dead             Necr           N/A          100%        4    #####..
 Agony                    Necr           #.......     100%        5    ######.
 Bolt of Magma            Conj/Fire/Erth #.........   100%        5    ######.
 Iskenderun's Battlesphe  Conj/Chrm      #.......     100%        5    ######.
 Lightning Bolt           Conj/Air       #.........   100%        5    ######.
 Iron Shot                Conj/Erth      #.........   100%        6    #######
 Orb of Destruction       Conj           #.........   100%        7    #######
 Spellforged Servitor     Conj/Summ      #.........   100%        7    #######


Dungeon Overview and Level Annotations

Branches:
Dungeon (13/15)            Temple (0/1) D:7            Lair (0/6) D:11
    Orc (0/2) D:9
 Vaults: D:13-14

Altars:
Ashenzari
Cheibriados
Fedhas
Gozag
Kikubaaqudgha
Makhleb
Nemelex Xobeh
Okawaru
Ru
Vehumet
Wu Jian
The Shining One

Shops:
D:6 !   D:7 [

Annotations:
D:13 Jorgrun


Innate Abilities, Weirdness & Mutations

You have razor-sharp toenails.
You are surrounded by a moderate repulsion field. (EV +3)
A demonic guardian rushes to your aid.
Your flesh is heat resistant. (rF+)
You are immune to clouds of flame.
You are agile. (Dex +2)
Your mind is acute. (Int +2)
You are resistant to hostile enchantments. (MR+)
You passively map a small area around you.
Your muscles are strong. (Str +2)


Message History

Jorgrun points at you and mumbles some strange words.
The wall shatters!
The blast of rock fragments hits you but does no damage.
You closely miss Jorgrun.
Jorgrun points at you and mumbles some strange words.
The iron shot misses you. The iron shot hits your soul eater!!!
Your soul eater dies!
You hit Jorgrun.
Jorgrun is lightly wounded.
You block Jorgrun's attack.
You barely miss Jorgrun.
Jorgrun is lightly wounded.
You closely miss Jorgrun.
Jorgrun is lightly wounded.
Jorgrun hits you but does no damage.
You swap places.
Jorgrun closely misses your sixfirhy. Jorgrun casts a spell at you.
The iron shot misses your sixfirhy. The iron shot hits you!!!
Ouch! That really hurt!
You die...

*,, , *#. ###### #.#*
#..... , #.#* #..... *, ,
#.# #..... , ,,, #.#
#######... , , #.#
#........) ##g#*
#......... ##3#*
#......<.. #########@##
#......... #........##
#.........
#......43########...######
#..............##...#
#..............##...###
#...............[.....#
#........#####........#
#........# #........#
########## #........#


You could see Jorgrun, a friendly orange demon (summoned), a friendly sixfirhy
(summoned) and a friendly ynoxinul (summoned).

Vanquished Creatures
  3 two-headed ogres
  A manticore (D:11)
  A cyclops (D:12)
  A komodo dragon (D:12)
  An efreet (D:12)
  Prince Ribbit (D:9)
  A hippogriff (D:11)
  A vampire (D:12)
  12 yaks
  2 hungry ghosts
  A human (D:7)
  A soldier ant (D:10)
  2 ice beasts
  6 orc warriors
  5 sky beasts
  A hornet zombie (D:12)
  5 necrophages
  2 black bears (D:8)
  2 phantoms
  4 ogres
  A centaur (D:12)
  3 big kobolds
  4 bullfrogs
  A water moccasin zombie (D:10)
  Dowan (D:7)
  6 killer bees
  13 wights
  4 howler monkeys
  2 centaur zombies
  2 crimson imps
  A bullfrog zombie (D:7)
  9 orc priests
  8 orc wizards
  2 jellies
  Terence (D:3)
  A bullfrog skeleton (D:5)
  A centaur skeleton (D:7)
  5 hounds
  A gnoll shaman (D:6)
  3 iguanas
  9 worker ants
  A hound skeleton (D:6)
  9 gnolls
  13 adders
  4 shadow imps
  An ooze (D:4)
  An adder skeleton (D:4)
  A worm (D:2)
  2 dart slugs (D:1)
  3 leopard geckos
  79 orcs
  A ball python (D:1)
  3 bats
  A giant cockroach (D:2)
  5 goblins
  8 hobgoblins
  6 jackals
  18 kobolds
  3 quokkas
  A frilled lizard (D:4)
  A jackal skeleton (D:4)
  A quokka skeleton (D:5)
  A quokka zombie (D:7)
  5 rats
299 creatures vanquished.

Vanquished Creatures (collateral kills)
  A hydra (D:11)
  A death knight (D:12)
  2 two-headed ogres
  2 tengu warriors (D:13)
  2 skeletal warriors (D:12)
  2 phantasmal warriors (D:12)
  Pikel (D:6)
  A cyclops (D:11)
  Joseph (D:10)
  Psyche (D:10)
  A troll (D:11)
  3 meliai (D:13)
  2 hippogriffs
  Eustachio (D:6)
  8 yaks
  2 hogs (D:7)
  Duvessa (D:7)
  3 orc warriors
  2 ice beasts (D:10)
  A slave (D:6)
  The ghost of UnDebs the Skirmisher, an amateur BaFi (D:4)
  A phantom (D:5)
  An ogre (D:5)
  A centaur (D:5)
  A bullfrog (D:12)
  A scorpion (D:12)
  A killer bee (D:12)
  A howler monkey (D:11)
  A crimson imp (D:11)
  4 hounds
  An orc priest (D:6)
  A bullfrog skeleton (D:4)
  5 orc wizards
  4 orcs
  2 jackals (D:6)
64 creatures vanquished.

Vanquished Creatures (others)
  A yak (D:12)
1 creature vanquished.

Grand Total: 364 creatures vanquished

Notes
Turn   | Place    | Note
-------+----------+-------------------------------------------
     0 | D:1      | Garessta the Demonspawn Fighter began the quest for the
                  | Orb.
     0 | D:1      | Reached XP level 1. HP: 18/18 MP: 1/1
   164 | D:1      | Reached skill level 2 in Axes
   416 | D:1      | Gained mutation: You are surrounded by a mild repulsion
                  | field. (EV +2) [demonic ancestry]
   416 | D:1      | Reached XP level 2. HP: 23/24 MP: 2/2
   981 | D:2      | Reached skill level 3 in Axes
  1373 | D:2      | Gained mutation: Your flesh is heat resistant. (rF+)
                  | [demonic ancestry]
  1373 | D:2      | Reached XP level 3. HP: 28/29 MP: 3/3
  1594 | D:3      | Gained mutation: You can translocate small distances at
                  | will. [potion of mutation]
  1594 | D:3      | Gained mutation: Your spells are a little harder to cast,
                  | but a little more powerful. [potion of mutation]
  1594 | D:3      | Gained mutation: Your system is resistant to poisons.
                  | (rPois) [potion of mutation]
  1594 | D:3      | Gained mutation: Your mind is acute. (Int +2) [potion of
                  | mutation]
  1916 | D:3      | Found an ornate altar of the Wu Jian Council.
  1995 | D:3      | Reached skill level 4 in Axes
  1995 | D:3      | Gained mutation: You are surrounded by a moderate repulsion
                  | field. (EV +3) [demonic ancestry]
  1995 | D:3      | Reached XP level 4. HP: 20/35 MP: 4/4
  2393 | D:3      | Noticed Terence
  2406 | D:3      | Killed Terence
  2508 | D:3      | Gained mutation: A weak demonic guardian rushes to your
                  | aid. [demonic ancestry]
  2508 | D:3      | Reached XP level 5. HP: 38/41 MP: 5/5
  2552 | D:3      | Reached skill level 5 in Axes
  3211 | D:4      | Found a large runed translucent door.
  3211 | D:4      | Found a large runed translucent door.
  3257 | D:4      | Found a blossoming altar of Fedhas.
  3379 | D:4      | Gained mutation: You have sharp toenails. [demonic
                  | ancestry]
  3379 | D:4      | Reached XP level 6. HP: 40/47 MP: 6/6
  3575 | D:4      | Found a burning altar of Makhleb.
  3585 | D:4      | Became a worshipper of Makhleb the Destroyer
  3999 | D:4      | Noticed UnDebs's ghost (amateur BaFi)
  4056 | D:4      | Killed UnDebs's ghost
  4127 | D:5      | Entered Level 5 of the Dungeon
  4133 | D:5      | Noticed a sky beast
  4152 | D:5      | Killed a sky beast
  4171 | D:5      | Reached skill level 6 in Axes
  4171 | D:5      | Gained mutation: A demonic guardian rushes to your aid.
                  | [demonic ancestry]
  4171 | D:5      | Reached XP level 7. HP: 34/53 MP: 7/7
  4846 | D:5      | Found a sparkling altar of Nemelex Xobeh.
  4851 | D:5      | Lost mutation: Your system is resistant to poisons. (rPois)
                  | [potion of mutation]
  4851 | D:5      | Lost mutation: Your spells are a little harder to cast, but
                  | a little more powerful. [potion of mutation]
  4851 | D:5      | Lost mutation: You can translocate small distances at will.
                  | [potion of mutation]
  4851 | D:5      | Gained mutation: You are resistant to hostile enchantments.
                  | (MR+) [potion of mutation]
  4851 | D:5      | Gained mutation: You passively map a small area around you.
                  | [potion of mutation]
  4851 | D:5      | Gained mutation: Your muscles are strong. (Str +2) [potion
                  | of mutation]
  4851 | D:5      | Gained mutation: You are agile. (Dex +2) [potion of
                  | mutation]
  4888 | D:5      | Found an opulent altar of Gozag.
  5188 | D:6      | Reached * piety under Makhleb
  5254 | D:6      | Gained mutation: You are immune to clouds of flame.
                  | [demonic ancestry]
  5254 | D:6      | Reached XP level 8. HP: 31/61 MP: 8/8
  5424 | D:6      | Found a snail-covered altar of Cheibriados.
  5447 | D:6      | Noticed Pikel
  5457 | D:6      | Killed Pikel
  5457 | D:6      | Reached skill level 7 in Axes
  5525 | D:6      | Found Lideicofay's Distillery.
  5533 | D:6      | Bought a potion of heal wounds for 50 gold pieces
  5533 | D:6      | Bought a potion of magic for 80 gold pieces
  5641 | D:6      | Reached skill level 5 in Fighting
  5814 | D:6      | Noticed Eustachio
  5824 | D:6      | Killed Eustachio
  5956 | D:6      | Found an iron altar of Okawaru.
  6198 | D:7      | Found Vazuaman's Antique Armour Shoppe.
  6212 | D:7      | Bought a pair of embroidered gloves for 217 gold pieces
  6232 | D:7      | Noticed Dowan
  6233 | D:7      | Noticed Duvessa
  6239 | D:7      | Killed Dowan
  6239 | D:7      | Reached skill level 8 in Axes
  6242 | D:7      | Killed Duvessa
  6242 | D:7      | Reached skill level 5 in Armour
  6242 | D:7      | Reached skill level 5 in Shields
  6242 | D:7      | Reached XP level 9. HP: 44/68 MP: 9/9
  6376 | D:7      | Found a staircase to the Ecumenical Temple.
  6668 | D:7      | Got an ancient granite ring
  6670 | D:7      | Identified the ring "Esyxkid" {rPois MR+ Str+6 Int-5 Dex-5}
                  | (You found it on level 7 of the Dungeon)
  6816 | D:7      | Reached ** piety under Makhleb
  7370 | D:8      | Reached skill level 9 in Axes
  7734 | D:8      | Reached skill level 1 in Invocations
  7970 | D:8      | Reached XP level 10. HP: 77/77 MP: 11/11
  7971 | D:8      | Reached *** piety under Makhleb
  8107 | D:8      | Found an ancient bone altar of Kikubaaqudgha.
  8251 | D:9      | Found a sacrificial altar of Ru.
  8506 | D:9      | Found a shattered altar of Ashenzari.
  8775 | D:9      | Found a blossoming altar of Fedhas.
  8778 | D:9      | Found a glowing golden altar of the Shining One.
  8781 | D:9      | Found a radiant altar of Vehumet.
  9093 | D:9      | Found a staircase to the Orcish Mines.
  9176 | D:9      | Noticed Prince Ribbit
  9202 | D:9      | Killed Prince Ribbit
  9517 | D:9      | Reached **** piety under Makhleb
  9539 | D:10     | Entered Level 10 of the Dungeon
 10351 | D:10     | Noticed Psyche
 10359 | D:10     | Killed Psyche
 10359 | D:10     | Reached skill level 10 in Axes
 10723 | D:10     | Noticed Joseph
 10737 | D:10     | Killed Joseph
 11378 | D:11     | Reached skill level 5 in Invocations
 11437 | D:11     | Noticed a cyclops
 11443 | D:11     | Killed a cyclops
 11595 | D:11     | Gained mutation: You have razor-sharp toenails. [demonic
                  | ancestry]
 11595 | D:11     | Reached XP level 11. HP: 70/84 MP: 14/14
 11773 | D:11     | Noticed a six-headed hydra
 11788 | D:11     | Killed a six-headed hydra
 11802 | D:11     | Noticed a two-headed ogre
 11810 | D:11     | Killed a two-headed ogre
 12513 | D:11     | Found a staircase to the Lair.
 12555 | D:11     | Noticed a two-headed ogre
 12561 | D:11     | Killed a two-headed ogre
 12561 | D:11     | Reached ***** piety under Makhleb
 12826 | D:12     | Reached skill level 11 in Axes
 13155 | D:12     | Noticed a two-headed ogre
 13163 | D:12     | Killed a two-headed ogre
 13342 | D:12     | Noticed a skeletal warrior
 13345 | D:12     | Noticed a skeletal warrior
 13345 | D:12     | Noticed a death knight
 14027 | D:12     | Noticed a two-headed ogre
 14034 | D:12     | Noticed a phantasmal warrior
 14036 | D:12     | Killed a two-headed ogre
 14036 | D:12     | Noticed a phantasmal warrior
 14050 | D:12     | Killed a phantasmal warrior
 14054 | D:12     | Killed a death knight
 14059 | D:12     | Killed a skeletal warrior
 14059 | D:12     | Killed a phantasmal warrior
 14062 | D:12     | Reached XP level 12. HP: 71/93 MP: 17/17
 14439 | D:13     | Noticed a two-headed ogre
 14444 | D:13     | Killed a two-headed ogre
 14562 | D:13     | Noticed a tengu warrior
 14562 | D:13     | Noticed a tengu warrior
 14643 | D:13     | Killed a tengu warrior
 14654 | D:13     | Killed a tengu warrior
 14801 | D:13     | Noticed Jorgrun
 14892 | D:13     | Killed from afar by Jorgrun

Illustrated notes

Levels and vault maps discovered:
D:1:      dpeg_arrival_houses_and_road, layout_loops_ring, minmay_statues_item,
          hangedman_abyss_or_decor_lesser_grid
D:2:      layout_loops_ring
D:3:      layout_loops_corners, old_standard_altar, minmay_misc_feat_x,
          uniq_terence
D:4:      layout_basic, kennysheep_mini, first_ration,
          ebering_ghost_disaster_area, fedhas_altar_3
D:5:      layout_cave_pools, grunt_gozag_breadcrumbs,
          nemelex_xobeh_ov_fountains_minmay
D:6:      layout_rooms, cheibriados_altar_1, lemuel_doored_altar, serial_shops,
          shop, st_stairs_14, uniq_eustachio, uniq_pikel
D:7:      layout_basic, minmay_temple_entry_wispy, serial_shops, shop,
          grunt_livestock, uniq_duvessa
D:8:      layout_loops_cross, lemuel_zombie_altar_kikubaaqudgha
D:9:      layout_irregular_city, grunt_temple_overflow_diamond,
          lemuel_coloured_pillars_altar, nicolae_ashenzari_panopticon,
          hiddenorc2_lemuel, uniq_prince_ribbit1
D:10:     layout_layer_cave, uniq_psyche, uniq_joseph
D:11:     layout_irregular_city, lair_entry_dummy, minmay_misc_feat_pillars
D:12:     layout_long_grid
D:13:     layout_basic, david_vaults_1, uniq_jorgrun

Skill      XL: |  1  2  3  4  5  6  7  8  9 10 11 12 |
---------------+-------------------------------------+-----
Axes           | 2 3 4 5 6 8 9 10 11 | 11.9
Armour         | 3 4 5 6 7 8 |  8.2
Shields        | 3 4 5 6 7 8 |  8.2
Fighting       | 4 5 6 7 8 9 |  9.0
Invocations    | 1 5 7 |  7.9

Action                   |  1- 3 |  4- 6 |  7- 9 | 10-12 || total
-------------------------+-------+-------+-------+-------++-------
Melee: War axe           |   149 |   217 |   373 |   694 ||  1433
Invok: Minor Destruction |       |       |       |     4 ||     4
       Lesser Servant of |       |       |       |     3 ||     3
  Use: Scroll            |     4 |     4 |     8 |    12 ||    28
       Potion            |     1 |       |     1 |     1 ||     3
 Stab: Distracted        |       |     1 |       |     3 ||     4
  Eat: Chunk             |     4 |     5 |     8 |    29 ||    46
       Ration            |       |     1 |     1 |       ||     2
Armor: Scale mail        |    82 |     7 |       |       ||    89
       Plate armour      |       |    89 |   194 |   285 ||   568
Dodge: Dodged            |    54 |    51 |   117 |   212 ||   434
Block: Kite shield       |    69 |    94 |   223 |   406 ||   792
